 Dungeon Crawl Stone Soup version 0.32-a0-699-g1ee5eff69a (webtiles) character file.

Game seed: 17394748420522982572

217992 BubbleThief the Imperceptible (level 19, -4/127 HPs)
             Began as a Kobold Brigand on Mar 14, 2024.
             Was the Champion of Wu Jian.
             Slain by a merfolk
             ... wielding a +0 glaive
             ... led by a merfolk impaler
              (23 damage)
             ... on level 2 of the Shoals.
             The game lasted 01:08:24 (27280 turns).

BubbleThief the Imperceptible (Kobold Brigand)     Turns: 27280, Time: 01:08:25

Health: -4/127     AC: 11    Str:  9    XL:     19   Next: 84%
Magic:  19/19      EV: 28    Int: 16    God:    Wu Jian [******]
Gold:   1586       SH:  0    Dex: 22    Spells: 18/18 levels left

rFire   + . .        n - +3 quick blade (freeze)
rCold   + + .        (no shield)
rNeg    . . .        f - +3 leather armour of Midnight {rF+ Int+3 Dex-2 SInv Stlth+}
rPois   .            S - +2 hat
rElec   .            F - scarf {shadows}
rCorr   +            j - +1 pair of gloves
SInv    +            J - +0 pair of boots
Will    +....        m - amulet of regeneration
Stlth   +++++        D - ring "Xulianei" {Fly rC++ rCorr Dex-5 Stlth+}
HPRegen 1.21/turn    U - +6 ring of dexterity
MPRegen 0.16/turn

%: no passive effects
@: lit by a corona, flying, glowing, studying Air Magic
A: small, no large weapons, nightstalker 3
}: 1/15 runes: barnacled
a: Renounce Religion, Wall Jump, Serpent's Lash, Heavenly Storm


You were on level 2 of the Shoals.
You worshipped Wu Jian.
Wu Jian was exalted by your worship.
You visited 5 branches of the dungeon, and saw 27 of its levels.
You also visited: Ice Cave and Volcano.

You collected 3533 gold pieces.
You spent 1947 gold pieces at shops.

Inventory:

Hand Weapons
 n - a +3 quick blade of freezing (weapon)
Missiles
 b - 9 throwing nets
 d - 48 poisoned darts
 e - 3 curare-tipped darts
 K - 3 atropa-tipped darts (quivered)
 R - 4 darts of dispersal
Armour
 f - the +3 leather armour of Midnight (worn) {rF+ Int+3 Dex-2 SInv Stlth+}
   (You found it on level 13 of the Dungeon)

   Int+3:     It affects your intelligence (+3).
   Dex-2:     It affects your dexterity (-2).
   rF+:       It protects you from fire.
   SInv:      It lets you see invisible.
   Stlth+:    It makes you more stealthy.
 j - a +1 pair of gloves (worn)
 F - a scarf of shadows (worn)
 J - a +0 pair of boots (worn)
 S - a +2 hat (worn)
Jewellery
 m - an amulet of regeneration (around neck)
 q - a ring of positive energy
 s - an amulet of the acrobat
 w - the ring "Nielaj" {Wiz Slay+3 SInv}
   (You found it on level 4 of the Lair of Beasts)

   [ring of wizardry]

   Wiz:       It improves your spell success rate.
   Slay+3:    It affects your accuracy & damage with ranged weapons and melee
   (+3).
   SInv:      It lets you see invisible.
 y - a ring of resist corrosion
 D - the ring "Xulianei" (left hand) {Fly rC++ rCorr Dex-5 Stlth+}
   (You acquired it on level 14 of the Dungeon)

   [ring of flight]

   Dex-5:     It affects your dexterity (-5).
   rC++:      It greatly protects you from cold.
   Fly:       It grants you flight.
   rCorr:     It protects you from acid and corrosion.
   Stlth+:    It makes you more stealthy.
 Q - the ring "Errimat" {rC+ Will+ rCorr Slay+3}
   (You took it off a merfolk aquamancer on level 4 of the Shoals)

   [ring of resist corrosion]

   Slay+3:    It affects your accuracy & damage with ranged weapons and melee
   (+3).
   rC+:       It protects you from cold.
   Will+:     It increases your willpower.
   rCorr:     It protects you from acid and corrosion.
 U - a +6 ring of dexterity (right hand)
Wands
 u - a wand of paralysis (20)
 H - a wand of flame (3)
 I - a wand of light (13)
 P - a wand of mindburst (11)
 V - a wand of digging (10)
 Y - a wand of iceblast (3)
Scrolls
 a - 7 scrolls of enchant armour
 c - a scroll of brand weapon
 h - 14 scrolls of teleportation
 i - 2 scrolls of identify
 k - 3 scrolls of blinking
 x - a scroll of fog
 B - 4 scrolls of fear
 E - a scroll of revelation
 N - 2 scrolls of summoning
 W - 2 scrolls of silence
Potions
 o - 12 potions of mutation
 p - 3 potions of haste
 r - 4 potions of ambrosia
 t - 11 potions of curing
 z - 5 potions of heal wounds
 A - a potion of resistance
 C - a potion of magic
 L - 2 potions of attraction
 M - 3 potions of lignification
 O - 5 potions of brilliance
 T - 4 potions of cancellation
 X - a potion of might
 Z - 5 potions of invisibility
Miscellaneous
 g - a sack of spiders (inert)
 l - a condenser vane (inert)
 v - a phial of floods
 G - a lightning rod (4/4)


   Skills:
 + Level 16.5 Fighting
 + Level 16.3 Short Blades
 - Level 7.2 Throwing
 + Level 17.8 Dodging
 + Level 21.4 Stealth
 + Level 15.5 Evocations


You had 18 spell levels left.
You didn't know any spells.
Your spell library contained the following spells:

 Spells                   Type           Power      Damage    Failure   Level
 Foxfire                  Conj/Fire      0%         2x1d4     34%         1
 Magic Dart               Conj           0%         1d3       34%         1
 Necrotise                Necr           0%         1d4       34%         1
 Slow                     Hex            0%         N/A       34%         1
 Blink                    Tloc           0%         N/A       47%         2
 Lesser Beckoning         Tloc           0%         N/A       47%         2
 Momentum Strike          Conj/Tloc      0%         3d8       47%         2
 Scorch                   Fire           0%         2d5       47%         2
 Searing Ray              Conj           0%         2d4       47%         2
 Confusing Touch          Hex            0%         N/A       71%         3
 Frozen Ramparts          Ice            0%         1d1       71%         3
 Fugue of the Fallen      Necr           0%         N/A       71%         3
 Hailstorm                Conj/Ice       0%         3d5       71%         3
 Ozocubu's Armour         Ice            0%         N/A       71%         3
 Sigil of Binding         Hex            0%         N/A       71%         3
 Summon Ice Beast         Ice/Summ       0%         N/A       71%         3
 Vampiric Draining        Necr           0%         2d6       71%         3
 Volatile Blastmotes      Fire/Tloc      0%         2d10      71%         3
 Animate Dead             Necr           0%         N/A       98%         4
 Brom's Barrelling Bould  Conj/Erth      0%         2d3       98%         4
 Flame Wave               Conj/Fire      0%         2d4       98%         4
 Fulminant Prism          Conj/Alch      0%         3d5       98%         4
 Iskenderun's Mystic Bla  Conj/Tloc      0%         2d3       98%         4
 Leda's Liquefaction      Alch/Erth      0%         N/A       98%         4
 Manifold Assault         Tloc           0%         N/A       98%         4
 Petrify                  Alch/Erth      0%         N/A       98%         4
 Alistair's Intoxication  Alch           0%         N/A       100%        5
 Borgnjor's Vile Clutch   Necr/Erth      0%         N/A       100%        5
 Fireball                 Conj/Fire      0%         3d3       100%        5
 Iskenderun's Battlesphe  Conj           0%         2d6       100%        5
 Metabolic Englaciation   Hex/Ice        0%         N/A       100%        5
 Summon Forest            Summ/Tloc      0%         N/A       100%        5
 Summon Mana Viper        Hex/Summ       0%         N/A       100%        5
 Conjure Ball Lightning   Conj/Air       0%         3x3d6     100%        6
 Death Channel            Necr           0%         N/A       100%        6
 Eringya's Noxious Bog    Alch           0%         4d6       100%        6
 Permafrost Eruption      Ice/Erth       0%         2x4d2     100%        6
 Plasma Beam              Fire/Air       0%         2x1d10    100%        6
 Sculpt Simulacrum        Ice/Alch       0%         N/A       100%        6
 Starburst                Conj/Fire      0%         6d3       100%        6
 Summon Cactus Giant      Summ           0%         N/A       100%        6
 Malign Gateway           Summ/Tloc      0%         N/A       100%        7
 Orb of Destruction       Conj           0%         9d5       100%        7
 Borgnjor's Revivificati  Necr           0%         N/A       100%        8
 Discord                  Hex            0%         N/A       100%        8
 Disjunction              Tloc           0%         N/A       100%        8
 Infestation              Necr           0%         N/A       100%        8
 Summon Horrible Things   Summ           0%         N/A       100%        8
 Polar Vortex             Ice            0%         N/A       100%        9


Dungeon Overview and Level Annotations

Branches:
Dungeon (15/15)            Temple (1/1) D:4            Lair (5/5) D:9
 Shoals (4/4) Lair:3        Snake (0/4) Lair:3        Slime (0/5) Lair:4
    Orc (2/2) D:12            Elf (0/3) Orc:2        Vaults (0/5) D:13
 Depths (0/4) D:15          IceCv (visited)         Volcano (visited)

Altars:
Ashenzari
Cheibriados
Dithmenos
Elyvilon
Fedhas
Gozag
Hepliaklqana
Kikubaaqudgha
Makhleb
Nemelex Xobeh
Okawaru
Qazlal
Ru
Sif Muna
Trog
Uskayaw
Vehumet
Wu Jian
Xom
Yredelemnul
Zin
The Shining One
Beogh

Shops:
D:6 [   D:7 (   D:14 ?(*!   D:15 =   Orc:2 [[(?   Shoals:2 =

Annotations:
Orc:1 1 transporter


Innate Abilities, Weirdness & Mutations

You are small and have problems with some larger weapons.
You are completely attuned to the shadows.


Message History

You closely miss the faun. You puncture the faun! You freeze the faun.
The faun is severely wounded.
The merfolk misses you.
The faun splashes around in the water.
Unknown command.
You hit the faun. You freeze the faun. You puncture the faun!
You freeze the faun.
The faun is almost dead.
Unknown command.
You puncture the faun! You freeze the faun.
You kill the faun!
The Council accepts your kill.
You hear a splash. x2
The merfolk completely misses you.
You hit the merfolk. You freeze the merfolk.
You hit the merfolk but do no damage.
The merfolk is lightly wounded.
You feel your willpower return.
You hit the merfolk but do no damage. x2
The merfolk is lightly wounded.
The merfolk completely misses you.
You hit the merfolk but do no damage. You barely miss the merfolk.
The merfolk is lightly wounded.
You hit the merfolk. You freeze the merfolk. You hit the merfolk.
You freeze the merfolk.
The merfolk is moderately wounded.
The merfolk hits you with a +0 glaive.
* * * LOW HITPOINT WARNING * * *
You closely miss the merfolk. You hit the merfolk but do no damage.
The merfolk is moderately wounded.
You closely miss the merfolk. You hit the merfolk. You freeze the merfolk.
The merfolk is heavily wounded.
The merfolk hits you with a +0 glaive!
* * * LOW HITPOINT WARNING * * *
You puncture the merfolk! You freeze the merfolk. You hit the merfolk.
You freeze the merfolk.
The merfolk is severely wounded.
You hit the merfolk. You freeze the merfolk. You barely miss the merfolk.
The merfolk is severely wounded.
The merfolk hits you with a +0 glaive!!
You die...

.)~~~~≈~~~≈≈≈≈≈≈≈≈≈
....~~~~~~≈≈≈≈≈≈≈≈≈
.....).~~.~~≈≈≈≈≈≈≈≈
.....~...~~.~~≈≈≈≈≈≈≈≈
....~~...~~~~~≈≈≈≈≈≈≈≈
..~~~~~~~~~~~~≈≈≈≈≈≈≈≈
..†~~~~~~~ ~≈≈≈≈≈≈≈≈≈≈
.~~)~~)~~~ ~≈≈≈≈≈≈≈≈≈≈
~~~~~@m~~ ≈≈≈≈≈≈≈≈≈≈≈
~~~~~)~~~ ≈≈≈≈≈≈≈≈≈≈≈
~~≈≈~~~~ ≈≈≈≈≈≈≈≈≈≈
≈≈≈≈≈≈≈ ≈≈≈≈≈≈≈≈≈
≈≈≈≈≈≈≈≈≈ ≈≈≈≈≈≈≈≈≈
≈≈≈≈≈≈≈≈ ≈≈≈≈≈ ≈≈≈≈≈


You could see a merfolk.

Vanquished Creatures
  Jorgrun (D:14)
  Rupert (Lair:3)
  Polyphemus (Shoals:4)
  An ironbound preserver (D:13)
  Nessos (Lair:5)
  Snorg (D:12)
  7 merfolk impalers
  2 merfolk javelineers (Shoals:4)
  2 hydras
  Harold (Orc:1)
  2 ice dragons (D:15)
  2 merfolk avatars
  2 boulder beetles (D:12)
  A dancing weapon (Volcano)
  3 centaur warriors (D:15)
  8 merfolk aquamancers (Shoals:4)
  12 death yaks
  A satyr (Shoals:2)
  3 two-headed ogres
  A tengu warrior (D:13)
  Urug (D:12)
  2 occultists (Volcano)
  4 skysharks
  A skeletal warrior (D:9)
  8 sea snakes
  A sun moth (shapeshifter) (D:15)
  7 orc sorcerers
  6 orc knights
  3 deep elf pyromancers
  8 harpies
  2 necromancers (D:9)
  An oklob plant (Lair:3)
  Maurice (D:12)
  9 fauns
  13 ugly things
  A salamander (Lair:3)
  15 elephants
  4 kobold blastminers (Orc:1)
  3 cyclopes
  7 manticores
  A meliai (shapeshifter) (D:13)
  4 centaur zombies (D:9)
  5 toenail golems (Volcano)
  6 merfolk sirens
  6 black mambas
  A black mamba (shapeshifter) (D:13)
  13 water nymphs
  An ice statue (IceCv)
  2 torpor snails
  19 cane toads
  4 gargoyles
  6 rime drakes
  11 komodo dragons
  A kobold demonologist (D:10)
  An efreet (D:15)
  An unseen horror (D:13)
  2 tengu conjurers (D:14)
  9 polar bears
  5 trolls
  17 merfolk
  10 wind drakes
  The ghost of scarr the Digger, an amateur DrEE (D:5)
  2 hornets
  4 tyrant leeches
  16 blink frogs
  7 snapping turtles
  3 dream sheep (Lair:1)
  4 meliai zombies (D:9)
  6 slime creatures (D:12)
  7 air elementals (Shoals:4)
  2 shadows
  A spriggan (D:9)
  12 water elementals
  9 vampires
  4 wraiths (D:9)
  48 yaks
  5 basilisks
  6 wyverns
  A fire bat (D:10)
  5 humans (Volcano)
  9 wargs
  A steam dragon (D:10)
  15 vampire mosquitoes
  A death yak simulacrum (Lair:2)
  3 swamp worms (D:13)
  Edmund (D:5)
  2 acid dragons
  10 water moccasins
  A hell hound (D:10)
  29 orc warriors
  2 laughing skulls (D:15)
  2 sky beasts
  4 black bears
  4 ogres
  24 wolves
  4 boggarts (D:15)
  15 centaurs
  7 phantoms
  2 gnoll sergeants
  2 cane toad simulacra (Lair:2)
  2 scorpions
  15 bullfrogs
  12 wights
  18 killer bees
  2 bombardier beetles
  2 electric eels
  12 howler monkeys
  3 lava snakes (Lair:3)
  16 orc priests
  A gnoll bouda (D:7)
  4 hounds
  3 jellies (D:6)
  4 iguanas
  40 orc wizards
  6 adders
  18 gnolls
  2 shadow imps (D:5)
  A white imp (D:7)
  2 dart slugs
  A ribbon worm (D:5)
  90 orcs
  6 bats
  5 endoplasms
  5 giant cockroaches
  3 goblins
  5 hobgoblins
  11 jackals
  4 quokkas
  10 ball pythons
  6 frilled lizards
  9 kobolds
  4 rats
878 creatures vanquished.

Vanquished Creatures (collateral kills)
  A storm dragon (Shoals:4)
  A catoblepas (Shoals:4)
  A cane toad (Lair:5)
  A merfolk (Shoals:4)
  A troll (Orc:1)
  An electric eel (Lair:5)
6 creatures vanquished.

Vanquished Creatures (others)
  An orc wizard (Orc:2)
1 creature vanquished.

Grand Total: 885 creatures vanquished

Notes
Turn   | Place    | Note
-------+----------+-------------------------------------------
     0 | D:1      | BubbleThief the Kobold Brigand began the quest for the Orb.
     0 | D:1      | Reached XP level 1. HP: 12/12 MP: 1/1
    87 | D:1      | Reached XP level 2. HP: 17/17 MP: 2/2
   194 | D:1      | Found a faded altar of an unknown god.
   213 | D:1      | Reached skill level 6 in Stealth
   213 | D:1      | Reached XP level 3. HP: 21/21 MP: 3/3
  1243 | D:2      | Reached XP level 4. HP: 26/26 MP: 4/4
  1281 | D:2      | Found a bloodstained altar of Trog.
  1836 | D:3      | Found a sparkling altar of Nemelex Xobeh.
  1836 | D:3      | Found an opulent altar of Gozag.
  1969 | D:3      | Found a broken altar of Ashenzari.
  1996 | D:3      | Found a shadowy altar of Dithmenos.
  2244 | D:3      | Reached XP level 5. HP: 30/30 MP: 5/5
  2280 | D:3      | Reached skill level 7 in Stealth
  2321 | D:3      | Found an iron altar of Okawaru.
  2321 | D:3      | Found a glowing silver altar of Zin.
  2321 | D:3      | Found a shimmering blue altar of Sif Muna.
  2457 | D:4      | Reached skill level 5 in Short Blades
  2483 | D:4      | Found a staircase to the Ecumenical Temple.
  2499 | Temple   | Entered the Ecumenical Temple
  2524 | Temple   | Became a worshipper of the Wu Jian Council
  2711 | D:4      | Noticed a black bear
  2723 | D:4      | Killed a black bear
  2724 | D:4      | Reached skill level 1 in Evocations
  2724 | D:4      | Reached XP level 6. HP: 36/36 MP: 6/6
  2948 | D:4      | Reached XP level 7. HP: 27/41 MP: 7/7
  2993 | D:4      | Found a hide-covered altar of Uskayaw.
  3225 | D:5      | Entered Level 5 of the Dungeon
  3243 | D:5      | Noticed a water moccasin
  3251 | D:5      | Reached skill level 8 in Stealth
  3252 | D:5      | Killed a water moccasin
  3271 | D:5      | Found a runed translucent door.
  3273 | D:5      | Noticed Edmund
  3276 | D:5      | Killed Edmund
  3277 | D:5      | Reached XP level 8. HP: 48/48 MP: 8/8
  3450 | D:5      | Reached * piety under Wu Jian
  3628 | D:5      | Reached skill level 9 in Stealth
  4051 | D:5      | Noticed scarr's ghost (amateur DrEE)
  4056 | D:5      | Killed scarr's ghost
  4057 | D:5      | Reached skill level 5 in Fighting
  4057 | D:5      | Reached skill level 5 in Dodging
  4057 | D:5      | Reached XP level 9. HP: 38/54 MP: 9/9
  4196 | D:6      | Reached skill level 5 in Evocations
  4497 | D:6      | Found Bunuv's Antique Armour Emporium.
  4501 | D:6      | Bought a glowing robe for 114 gold pieces
  4674 | D:6      | Got the Parchment of the Warped Iceberg
  4684 | D:6      | Reached skill level 10 in Stealth
  4876 | D:6      | Reached ** piety under Wu Jian
  5680 | D:7      | Reached XP level 10. HP: 17/61 MP: 10/10
  5792 | D:7      | Found Kestoadgh's Hydra Hut.
  5793 | D:7      | Noticed a five-headed hydra
  5939 | D:7      | Reached skill level 11 in Stealth
  6318 | D:8      | Found a radiant altar of Vehumet.
  6518 | D:8      | Found a snail-covered altar of Cheibriados.
  7028 | D:9      | Reached skill level 10 in Short Blades
  7201 | D:9      | Found a staircase to the Lair.
  7268 | D:9      | Reached *** piety under Wu Jian
  7365 | D:9      | Reached skill level 12 in Stealth
  7482 | D:9      | Reached XP level 11. HP: 68/68 MP: 11/11
  7661 | D:9      | Noticed a necromancer
  7741 | Lair:1   | Entered Level 1 of the Lair of Beasts
  7908 | Lair:1   | Reached skill level 13 in Stealth
  8250 | Lair:1   | Reached **** piety under Wu Jian
  8325 | Lair:1   | Reached XP level 12. HP: 76/76 MP: 12/12
  8486 | Lair:1   | Reached skill level 10 in Dodging
  8545 | Lair:2   | Found a frozen archway.
  8571 | IceCv    | Entered an ice cave
  8701 | IceCv    | Reached skill level 14 in Stealth
  9141 | IceCv    | Reached skill level 10 in Fighting
  9381 | IceCv    | Noticed a death yak
  9389 | IceCv    | Noticed a death yak
  9409 | IceCv    | Killed a death yak
  9433 | IceCv    | Killed a death yak
  9499 | IceCv    | Reached skill level 15 in Stealth
  9533 | IceCv    | Noticed a death yak
  9534 | IceCv    | Noticed a death yak
  9575 | IceCv    | Killed a death yak
  9602 | IceCv    | Killed a death yak
  9603 | IceCv    | Reached XP level 13. HP: 50/83 MP: 13/13
  9682 | IceCv    | Noticed a frost giant
  9806 | IceCv    | Reached ***** piety under Wu Jian
 10477 | Lair:2   | Reached skill level 10 in Evocations
 10807 | Lair:2   | Reached skill level 16 in Stealth
 11327 | Lair:3   | Found a staircase to the Snake Pit.
 11505 | Lair:3   | Noticed Rupert
 11508 | Lair:3   | Paralysed by Rupert for 3 turns
 11528 | Lair:3   | Killed Rupert
 11674 | Lair:3   | Noticed a seven-headed hydra
 11681 | Lair:3   | Killed a seven-headed hydra
 11939 | Lair:3   | Found a staircase to the Shoals.
 12015 | Lair:3   | Identified 2 scrolls of acquirement
 12015 | Lair:3   | Acquired a +2 quick blade of freezing
 12182 | Lair:4   | Reached XP level 14. HP: 92/92 MP: 14/14
 12197 | Lair:4   | Found a dark tunnel.
 12202 | Volcano  | Entered a volcano
 12333 | Volcano  | HP: 4/92 [+1 mace of flaming (1)]
 12439 | Volcano  | Reached skill level 17 in Stealth
 12670 | Lair:4   | Found a staircase to the Slime Pits.
 13156 | Lair:4   | Identified the ring "Nielaj" {Wiz Slay+3 SInv}
 13651 | Lair:5   | Entered Level 5 of the Lair of Beasts
 13950 | Lair:5   | Reached ****** piety under Wu Jian
 13983 | Lair:5   | Noticed Nessos
 13997 | Lair:5   | Killed Nessos
 14145 | Lair:5   | Reached skill level 18 in Stealth
 14351 | Lair:5   | Reached XP level 15. HP: 99/99 MP: 15/15
 14626 | Lair:5   | Identified the +4 sling of Niliuh {drain, rPois rC- Int+2
                  | SInv}
 15814 | D:9      | Identified the +1 dagger of Parts Unknown {flame, rC++ rN+}
 15852 | D:9      | Got the Elucidation of the Damned
 16123 | D:10     | Entered Level 10 of the Dungeon
 16651 | D:10     | Found a shimmering altar of Xom.
 16716 | D:10     | Found a stormy altar of Qazlal.
 17404 | D:11     | Reached skill level 15 in Dodging
 17732 | D:12     | Found a staircase to the Orcish Mines.
 17753 | D:12     | Noticed Snorg
 17755 | D:12     | Killed Snorg
 17808 | D:12     | Noticed Maurice
 17810 | D:12     | Killed Maurice
 17829 | D:12     | Noticed Urug
 17831 | D:12     | Found a glowing silver altar of Zin.
 17832 | D:12     | Killed Urug
 18564 | Orc:1    | Entered Level 1 of the Orcish Mines
 18648 | Orc:1    | Found a transporter.
 18682 | Orc:1    | Noticed Harold
 18692 | Orc:1    | Killed Harold
 18693 | Orc:1    | Reached skill level 5 in Throwing
 18733 | Orc:1    | You fall into a shaft and drop 1 floor!
 18733 | Orc:2    | Entered Level 2 of the Orcish Mines
 19544 | Orc:2    | Found a staircase to the Elven Halls.
 19691 | Orc:2    | Reached XP level 16. HP: 85/106 MP: 16/16
 19785 | Orc:2    | Reached skill level 19 in Stealth
 20174 | Orc:2    | Found Jaigo's Weapon Shop.
 20366 | Orc:2    | Found Bietiota's Magic Scroll Boutique.
 20380 | Orc:2    | Found a roughly hewn altar of Beogh.
 20436 | Orc:2    | Found Kyjioh's Antique Armour Shop.
 20573 | Orc:2    | Found Loyhami's Antique Armour Boutique.
 20773 | Orc:2    | Bought a scroll of brand weapon for 95 gold pieces
 20773 | Orc:2    | Bought a scroll of teleportation for 30 gold pieces
 20773 | Orc:2    | Bought a scroll of teleportation for 30 gold pieces
 20773 | Orc:2    | Bought a scroll of teleportation for 30 gold pieces
 20773 | Orc:2    | Bought a scroll of teleportation for 30 gold pieces
 20773 | Orc:2    | Bought a scroll of enchant armour for 75 gold pieces
 20773 | Orc:2    | Bought a scroll of enchant armour for 75 gold pieces
 20915 | D:13     | Found a gate to the Vaults.
 21020 | D:13     | Identified the +3 leather armour of Midnight {rF+ Int+3
                  | Dex-2 SInv Stlth+}
 22073 | D:14     | Acquired the ring "Xulianei" {Fly rC++ rCorr Dex-5 Stlth+}
 22182 | D:14     | Found Qahiwnet's Magic Scroll Shop.
 22186 | D:14     | Bought a scroll of fear for 64 gold pieces
 22186 | D:14     | Bought a scroll of enchant armour for 120 gold pieces
 22186 | D:14     | Bought a scroll of teleportation for 48 gold pieces
 22186 | D:14     | Bought a scroll of teleportation for 48 gold pieces
 22186 | D:14     | Bought a scroll of blinking for 120 gold pieces
 22241 | D:14     | Noticed Jorgrun
 22244 | D:14     | Killed Jorgrun
 22322 | D:14     | Found Fifrapren's Distillery.
 22325 | D:14     | Bought a potion of might for 72 gold pieces
 22325 | D:14     | Bought 2 potions of invisibility for 288 gold pieces
 22325 | D:14     | Bought a potion of heal wounds for 90 gold pieces
 22325 | D:14     | Bought a potion of haste for 180 gold pieces
 22325 | D:14     | Bought a potion of heal wounds for 90 gold pieces
 22325 | D:14     | Bought a potion of cancellation for 144 gold pieces
 22325 | D:14     | Found Safole's General Store.
 22329 | D:14     | Bought a potion of curing for 42 gold pieces
 22330 | D:14     | Found Penapp's Antique Weapon Shop.
 22334 | D:14     | Bought a pitted rapier for 162 gold pieces
 22334 | D:14     | Identified the +5 rapier "Giant's Regret" {protect, rN+}
                  | (You bought it in a shop on level 14 of the Dungeon)
 22648 | D:15     | Entered Level 15 of the Dungeon
 23161 | D:15     | Found Izaluir's Jewellery Emporium.
 23195 | D:15     | Reached skill level 15 in Fighting
 23577 | D:15     | Found a staircase to the Depths.
 23831 | D:15     | Reached skill level 20 in Stealth
 23831 | D:15     | Reached XP level 17. HP: 113/113 MP: 17/17
 23832 | D:15     | Reached XP level 18. HP: 119/119 MP: 18/18
 24059 | Shoals:1 | Entered Level 1 of the Shoals
 24216 | Shoals:1 | Reached skill level 15 in Short Blades
 24416 | Shoals:1 | Reached XP level 19. HP: 119/124 MP: 19/19
 24770 | Shoals:2 | Found Nedemick's Jewellery Shop.
 24952 | Shoals:4 | Entered Level 4 of the Shoals
 25003 | Shoals:4 | Found a blossoming altar of Fedhas.
 25285 | Shoals:4 | Paralysed by an air elemental for 1 turns
 25379 | Shoals:4 | Identified the +1 leather armour of the Cicada {Rampage rF-
                  | Will+}
 25570 | Shoals:4 | Reached skill level 15 in Evocations
 25577 | Shoals:4 | Reached skill level 21 in Stealth
 25740 | Shoals:4 | Noticed Polyphemus
 25744 | Shoals:4 | Identified the +3 great mace of the Reaper {drain, SInv}
 25750 | Shoals:4 | Identified the ring "Errimat" {rC+ Will+ rCorr Slay+3}
 25754 | Shoals:4 | Killed Polyphemus
 26496 | Shoals:4 | Got a barnacled rune of Zot
 27280 | Shoals:2 | Slain by a merfolk

Illustrated notes

Levels and vault maps discovered:
D:1:      minmay_arrival_shoal_huts, layout_basic,
          ebering_ecumenical_altar_webs, kennysheep_flooded_box
D:2:      layout_loops_cross, basic_altar, minmay_misc_feat_tiny
D:3:      layout_basic, grunt_temple_overflow_opulence,
          gammafunk_temple_overflow_claw, mainiacjoe_overflow_large_starburst
D:4:      layout_layer_cave, mainiacjoe_overflow_alcove_2,
          minmay_temple_entry_junction_2, minmay_manual_mares
D:5:      minmay_evil_eye, layout_loops_ring, ebering_ghost_reflecting_pool,
          uniq_edmund
D:6:      layout_basic, serial_shops, nicolae_shop_crystal
D:7:      layout_loops_cross, st_stairs_14, doesnt_shop_hydraphobe
D:8:      layout_loops_ring, lemuel_doored_altar, mainiacjoe_overflow_boulevard,
          kennysheep_cluttered_room
D:9:      bobbens_index_wilting_gardens, layout_basic,
          erik_lair_orcish_takeover, minmay_misc_feat_diagonals,
          chequers_serial_rivers_micro_e, the_hattery
D:10:     layout_loops_corners, kennysheep_mini, regret_index_xom_of_box
D:11:     layout_rooms, serial_glass, glass_columns_b, glass_columns_c,
          glass_columns_b, glass_columns_a, glass_columns_a, glass_columns_a,
          kennysheep_nub
D:12:     layout_basic, erik_orc_3, grunt_decor_cap, zin_academy, uniq_snorg,
          uniq_maurice, uniq_urug
D:13:     layout_loops_cross, skrybe_vaults_entry_preservation, worms_lemuel
D:14:     layout_big_octagon, nicolae_sextant, minmay_shop_grid_forest,
          uniq_jorgrun
D:15:     grunt_enter_depths_hoard, layout_basic, serial_shops, shop,
          serial_bayou_pond_a
Temple:   hellmonk_temple_beads
Lair:1:   layout_roguey
Lair:2:   layout_long_grid, portal_ice_cave_entry_ice_simulacra, st_stairs_11
Lair:3:   layout_gridlike, minmay_shoals_entry_lonely_mermaid,
          nicolae_snake_entry_warm_welcome, dpeg_oklob_1, uniq_rupert
Lair:4:   layout_regular_city, slime_entry_1, enter_volcano_1,
          infiniplex_staircase_pool_2
Lair:5:   minmay_lair_end_frog_pond, layout_cave_pods, lemuel_fruit_tree,
          uniq_nessos
Shoals:1: layout_shoals, uniq_mlioglotl
Shoals:2: layout_shoals, serial_shops, shop, nicolae_shoals_former_cling_halls
Shoals:3: layout_shoals, nicolae_shoals_nymph_descending_staircase
Shoals:4: shoals_end_hellmonk_storm_palace [storm_palace_center_circular,
          storm_palace_corner_reverse_hut, storm_palace_corner_reverse_hut,
          storm_palace_corner_altar, storm_palace_corner_pillars],
          uniq_polyphemus
Orc:1:    emtedronai_trogs_sanctum, layout_diamond_mine,
          regret_index_minedec_shroomtown_chain, uniq_harold
Orc:2:    st_orc_town, layout_diamond_mine

Skill      XL: |  1  2  3  4  5  6  7  8  9 10 11 12 13 14 15 16 17 18 19 |
---------------+----------------------------------------------------------+-----
Short Blades   | 3 4 5 6 7 9 10 11 12 13 14 15 16 | 16.3
Stealth        | 6 7 8 9 10 12 13 15 16 18 20 21 | 21.4
Evocations     | 1 2 3 4 5 6 7 9 11 12 14 15 | 15.5
Dodging        | 2 3 5 6 8 9 11 13 14 15 16 17 | 17.8
Fighting       | 3 5 6 7 9 10 12 13 14 15 16 | 16.5
Throwing       | 5 7 |  7.2

Action                     |  1- 3 |  4- 6 |  7- 9 | 10-12 | 13-15 | 16-18 | 19-21 || total
---------------------------+-------+-------+-------+-------+-------+-------+-------++-------
  Melee: Dagger            |    96 |       |       |       |       |       |       ||    96
         Short sword       |     2 |    79 |   267 |  1062 |   378 |       |       ||  1788
         Quick blade       |       |       |       |       |  2004 |   864 |   994 ||  3862
  Throw: Dart              |       |     1 |     1 |    11 |     7 |       |    10 ||    30
 Invoke: Serpent's Lash    |       |       |       |     1 |     1 |     1 |     1 ||     4
Ability: Lunge             |       |     2 |    22 |    44 |   113 |    44 |    52 ||   277
         Whirlwind         |       |       |     1 |    19 |    24 |     3 |     8 ||    55
         Wall Jump         |       |       |       |     4 |     2 |       |       ||     6
  Evoke: Wand              |       |       |     3 |    21 |     6 |    10 |     5 ||    45
         Condenser vane    |       |       |       |       |     2 |     1 |     1 ||     4
         Sack of spiders   |       |       |       |       |     2 |       |     1 ||     3
         Phial of floods   |       |       |       |       |       |     1 |       ||     1
    Use: Scroll            |       |       |     1 |       |    28 |     4 |     1 ||    34
         Potion            |       |       |       |       |     2 |     4 |       ||     6
   Stab: Sleeping          |    18 |    21 |    24 |    28 |   119 |    44 |    43 ||   297
         Paralysed         |       |       |     3 |       |     1 |     3 |       ||     7
         Distracted        |       |       |     2 |     3 |    22 |    11 |    13 ||    51
         Invisible         |       |       |       |     8 |     3 |     2 |     9 ||    22
         Held in net/web   |       |       |       |       |     2 |       |     1 ||     3
         Petrifying        |       |       |       |       |       |       |     1 ||     1
 Armour: Robe              |    44 |    44 |    69 |   300 |   228 |    30 |       ||   715
         Leather armour    |       |       |       |       |       |    66 |   129 ||   195
  Dodge: Dodged            |    58 |    56 |   114 |   673 |   854 |   304 |   311 ||  2370

Table legend: (Time is in decaauts)
 A = Elapsed time spent in this place.
 B = Non-inter-level travel time spent in this place.
 C = Inter-level travel time spent in this place.
 D = Time resting spent in this place.
 E = Time spent auto-exploring this place.
 F = Levels seen in this place.
 G = Mean time per level.
                   A        B        C        D        E       F      G
               +--------+--------+--------+--------+--------+-----+--------+
         Total |  25819 |  24716 |   1103 |   1013 |  17633 |  29 |  890.3 |
       Dungeon |  13669 |  13137 |    532 |    214 |  10481 |  15 |  911.3 |
        Temple |     50 |      2 |     48 |      0 |      0 |   1 |   50.0 |
          Lair |   5454 |   5154 |    300 |    110 |   3743 |   5 | 1090.8 |
        Shoals |   2966 |   2903 |     63 |    445 |   1617 |   4 |  741.5 |
  Orcish Mines |   2153 |   1995 |    158 |      3 |   1431 |   2 | 1076.5 |
      Ice Cave |   1130 |   1130 |      0 |    213 |    268 |   1 | 1130.0 |
       Volcano |    393 |    393 |      0 |     27 |     92 |   1 |  393.0 |
               +--------+--------+--------+--------+--------+-----+--------+

Top non-repeatable levels by time:
Shoals:4: 1655 daAuts
     D:9: 1483 daAuts
  Lair:5: 1404 daAuts
   Orc:2: 1261 daAuts
  Lair:3: 1173 daAuts
     D:6: 1153 daAuts
    D:15: 1139 daAuts
   IceCv: 1130 daAuts
     D:1: 1089 daAuts
  Lair:4: 1042 daAuts
  Lair:2: 1041 daAuts
    D:13: 1030 daAuts
    D:10: 982 daAuts
    D:12: 900 daAuts
   Orc:1: 892 daAuts
